 Dungeon Crawl Stone Soup version 0.31-a0-1301-g7e11add784 (webtiles) character file.

Game seed: 628367957889654406

6 Colgate the Sneak (level 2, -1/17 HPs)
             Began as a Kobold Brigand on Dec 19, 2023.
             Slain by a jackal (3 damage)
             ... on level 1 of the Dungeon.
             The game lasted 00:00:50 (149 turns).

Colgate the Sneak (Kobold Brigand)                   Turns: 149, Time: 00:00:51

Health: -1/17      AC:  3    Str:  8    XL:     2   Next: 0%
Magic:  2/2        EV: 14    Int: 12    God:
Gold:   15         SH:  0    Dex: 16    Spells: 1/1 levels left

rFire   . . .        a - +2 dagger
rCold   . . .        (no shield)
rNeg    . . .        b - +0 robe
rPois   .            (no helmet)
rElec   .            c - +0 cloak
rCorr   .            (no gloves)
SInv    .            (no boots)
Will    .....        (no amulet)
Stlth   ++++         (no ring)
HPRegen 0.22/turn    (no ring)
MPRegen 0.08/turn

%: no passive effects
@: no status effects
A: small, no large weapons, nightstalker 3
a: no special abilities


You were on level 1 of the Dungeon.
You visited 1 branch of the dungeon, and saw 1 of its levels.

You collected 15 gold pieces.

Inventory:

Hand Weapons
 a - a +2 dagger (weapon)
Missiles
 d - 9 poisoned darts (quivered)
 e - 3 curare-tipped darts
Armour
 b - a +0 robe (worn)
 c - a +0 cloak (worn)
Scrolls
 f - a scroll of identify {unknown}
Potions
 g - a potion of curing {unknown}


   Skills:
 - Level 2.1 Fighting
 + Level 3.5 Short Blades
 - Level 2.1 Throwing
 - Level 1.2 Dodging
 - Level 5.3 Stealth


You had one spell level left.
You didn't know any spells.
Your spell library was empty.

Dungeon Overview and Level Annotations

Branches:
Dungeon (1/15)

Altars:


Innate Abilities, Weirdness & Mutations

You are small and have problems with some larger weapons.
You are completely attuned to the shadows.


Message History

The jackal closely misses you. The jackal barely misses you.
The jackal closely misses you.
You closely miss the jackal. The jackal closely misses you.
The jackal bites you. The jackal attacks as it pursues you!
The jackal closely misses you.
You completely miss the jackal. The jackal misses you. x2
You hit the jackal. The jackal bites you. The jackal barely misses you.
The jackal bites you. The jackal barely misses you.
The jackal attacks as it pursues you! The jackal barely misses you.
The jackal bites you.
You hit the jackal. You hit the jackal.
You kill the jackal!
The jackal bites you.
* * * LOW HITPOINT WARNING * * *
You have reached level 2!
You barely miss the jackal. The jackal closely misses you.
The jackal bites you but does no damage.
You miss the jackal. The jackal closely misses you.
The jackal bites you but does no damage.
The jackal closely misses you.
You barely miss the jackal. The jackal closely misses you.
The jackal misses you.
The jackal bites you but does no damage.
You barely miss the jackal. The jackal bites you.
* * * LOW HITPOINT WARNING * * *
The jackal bites you.
* * * LOW HITPOINT WARNING * * *
You miss the jackal.
The jackal bites you but does no damage.
The jackal bites you.
* * * LOW HITPOINT WARNING * * *
You completely miss the jackal. The jackal barely misses you.
The jackal bites you but does no damage.
You barely miss the jackal. The jackal barely misses you.
The jackal closely misses you.
You hit the jackal.
You kill the jackal!
The jackal bites you.
You die...

#P....h.#.h.P.
#.P..h..#P....
###.h..#.P..#
######†#####
.....#..#
#####...##
#.......#
##.#####h##
#####..#####@†#
............(.#
######.########.##
##......# #..#
##..###### #..#
...## #..# ####
##.# # #.. # #).


You could see a jackal.

Vanquished Creatures
  2 endoplasms (D:1)
  2 jackals (D:1)
  A quokka (D:1)
  A bat (D:1)
6 creatures vanquished.

Notes
Turn   | Place    | Note
-------+----------+-------------------------------------------
     0 | D:1      | Colgate the Kobold Brigand began the quest for the Orb.
     0 | D:1      | Reached XP level 1. HP: 12/12 MP: 1/1
   112 | D:1      | Found a faded altar of an unknown god.
   142 | D:1      | Reached XP level 2. HP: 5/17 MP: 2/2
   149 | D:1      | Slain by a jackal

Illustrated notes

Levels and vault maps discovered:
D:1:      amcnicky_arrival_blooded_trapdoor, layout_rooms,
          shapermc_ecumenical_altar_gd, minmay_lizard_king

Skill      XL: |  1 |
---------------+----+-----
Short Blades   | 3 |  3.5
Fighting       | |  2.1
Throwing       | |  2.1
Dodging        | |  1.2
Stealth        | |  5.3

Action                     || total
---------------------------++-------
  Melee: Dagger            ||    28
   Stab: Sleeping          ||     2
 Armour: Robe              ||    18
  Dodge: Dodged            ||    25

Table legend: (Time is in decaauts)
 A = Elapsed time spent in this place.
 B = Non-inter-level travel time spent in this place.
 C = Inter-level travel time spent in this place.
 D = Time resting spent in this place.
 E = Time spent auto-exploring this place.
 F = Levels seen in this place.
 G = Mean time per level.
                   A        B        C        D        E       F      G
               +--------+--------+--------+--------+--------+-----+--------+
         Total |    145 |    145 |      0 |      0 |     81 |   1 |  145.0 |
       Dungeon |    145 |    145 |      0 |      0 |     81 |   1 |  145.0 |
               +--------+--------+--------+--------+--------+-----+--------+

Top non-repeatable levels by time:
     D:1: 145 daAuts
